 Dungeon Crawl Stone Soup version 0.30-a0-358-g0d69a1922f (webtiles) character file.

Game seed: 9487379903408371525

112947 ryw the Spry (level 16, -2/104 HPs)
             Began as a Deep Elf Summoner on Nov 8, 2022.
             Was an Initiate of Gozag.
             Slain by a vampire knight
             ... wielding a +0 battleaxe
              (4 damage)
             ... on level 4 of the Swamp on Nov 9, 2022.
             The game lasted 02:39:33 (41299 turns).

ryw the Spry (Deep Elf Summoner)                   Turns: 41299, Time: 02:39:33

Health: -2/104     AC: 13    Str:  5    XL:     16   Next: 12%
Magic:  22/33      EV: 20    Int: 34    God:    Gozag
Gold:   788        SH:  0    Dex: 13    Spells: 6/37 levels left

rFire   + . .      SeeInvis .    c - +8 whip "Snakebite" {venom, curare, rPois}
rCold   + . .      Faith    .    (no shield)
rNeg    + . .      Spirit   .    W - +1 robe "Joyfrido" {rElec rCorr Int+3}
rPois   +          Reflect  .    l - +2 hat
rElec   +          Harm     .    u - +1 cloak of Lust {Rampage}
rCorr   +          Rampage  +    P - +2 pair of gloves
Will    +....                    V - +1 pair of boots
Stlth   ++........               Q - amulet of regeneration
HPRegen 1.17/turn                R - ring "Jaiququm" {Wiz rF+ rC+ Int+2 Dex-2}
MPRegen 0.23/turn                H - ring of positive energy

@: no status effects
A: shaggy fur 1
a: Renounce Religion, Potion Petition, Call Merchant, Bribe Branch


You were on level 4 of the Swamp.
You worshipped Gozag.
Gozag was pleased with you.
You visited 5 branches of the dungeon, and saw 27 of its levels.

You collected 7374 gold pieces.
You spent 3063 gold pieces at shops.
You paid 3523 gold pieces to Gozag.

Inventory:

Hand Weapons
 c - the +8 whip "Snakebite" (weapon) {venom, curare, rPois}
   (You found it on level 2 of the Lair of Beasts)

   It poisons the flesh of those it strikes.
   It occasionally inflicts asphyxiating poison on those it strikes, dealing
   poison damage and causing slowness.
   rPois:     It protects you from poison.
 n - a +2 vampiric spear
 U - a +2 demon trident of venom
Missiles
 X - a throwing net
Armour
 l - a +2 hat (worn)
 u - the +1 cloak of Lust (worn) {Rampage}
   (You found it on level 6 of the Dungeon)

   Rampage:   It bestows one free step when moving towards enemies.
 z - a +2 robe of fire resistance
 P - a +2 pair of gloves (worn)
 V - a +1 pair of boots (worn)
 W - the +1 robe "Joyfrido" (worn) {rElec rCorr Int+3}
   (You found it on level 1 of the Swamp)

   Int:       It affects your intelligence (+3).
   rElec:     It insulates you from electricity.
   rCorr:     It protects you from acid and corrosion.
Jewellery
 d - a +4 ring of evasion
 B - a ring of poison resistance
 G - a ring of protection from cold
 H - a ring of positive energy (right hand)
 Q - an amulet of regeneration (around neck)
 R - the ring "Jaiququm" (left hand) {Wiz rF+ rC+ Int+2 Dex-2}
   (You bought it in a shop on level 9 of the Dungeon)

   [ring of wizardry]

   It improves your spell success rate.
   Int:       It affects your intelligence (+2).
   Dex:       It affects your dexterity (-2).
   rF:        It protects you from fire.
   rC:        It protects you from cold.
 T - a ring of ice
 Z - an amulet of magic regeneration
Wands
 e - a wand of mindburst (25)
 p - a wand of flame (27)
 q - a wand of acid (12)
 y - a wand of charming (5)
 D - a wand of iceblast (18)
 N - a wand of polymorph (18)
Scrolls
 a - 3 scrolls of poison
 h - 4 scrolls of magic mapping
 i - a scroll of butterflies
 j - 9 scrolls of teleportation
 o - a scroll of silence
 A - 2 scrolls of fear
 E - 13 scrolls of identify
 I - 6 scrolls of amnesia
 L - 2 scrolls of immolation
 M - 3 scrolls of summoning
 O - 2 scrolls of enchant armour
 Y - a scroll of enchant weapon
Potions
 b - 6 potions of magic
 f - 11 potions of curing
 g - 3 potions of resistance
 k - 2 potions of flight
 m - 2 potions of lignification
 r - 2 potions of berserk rage
 s - 6 potions of mutation
 t - 5 potions of might
 v - 4 potions of brilliance
 w - 6 potions of haste
 x - 3 potions of attraction
 C - a potion of cancellation
 F - 4 potions of ambrosia
 K - 5 potions of heal wounds
Miscellaneous
 S - a phial of floods


   Skills:
 + Level 13.1 Fighting
 - Level 2.0 Maces & Flails
 + Level 18.2 Dodging
 - Level 2.4 Stealth
 + Level 11.4 Spellcasting
 - Level 5.0 Hexes
 + Level 13.1 Summonings
 + Level 9.6 Necromancy
 - Level 10.0 Translocations
 - Level 7.0 Air Magic


You had 6 spell levels left.
You knew the following spells:

 Your Spells              Type           Power      Damage    Failure   Level
a - Summon Lightning Spi  Summ/Air       73%        N/A       1%          4
b - Call Canine Familiar  Summ           83%        N/A       1%          3
c - Summon Guardian Gole  Hex/Summ       69%        N/A       1%          3
d - Haunt                 Necr/Summ      38%        N/A       8%          7
l - Blink                 Tloc           100%       N/A       1%          2
p - Passage of Golubria   Tloc           72%        N/A       1%          4
t - Tukima's Dance        Hex            52%        N/A       1%          3
z - Summon Forest         Summ/Tloc      39%        N/A       1%          5

Your spell library contained the following spells:

 Spells                   Type           Power      Damage    Failure   Level
 Summon Small Mammal      Summ           100%       N/A       0%          1
 Call Imp                 Summ           83%        N/A       0%          2
 Kiss of Death            Conj/Necr      100%       2d13      1%          1
 Necrotise                Necr           100%       1d9       1%          1
 Sandblast                Erth           38%        2d10      1%          1
 Cigotuvi's Dreadful Rot  Necr/Pois/Air  100%       N/A       1%          2
 Momentum Strike          Conj/Tloc      100%       3d10      1%          2
 Passwall                 Tmut/Erth      15%        N/A       1%          2
 Poisonous Vapours        Pois/Air       86%        N/A       1%          2
 Scorch                   Fire           38%        2d6       1%          2
 Static Discharge         Conj/Air       86%        2-6/arc   1%          2
 Confusing Touch          Hex            52%        N/A       1%          3
 Dazzling Flash           Conj/Hex       72%        N/A       1%          3
 Lesser Beckoning         Tloc           100%       N/A       1%          3
 Mephitic Cloud           Conj/Pois/Air  35%        N/A       1%          3
 Vampiric Draining        Necr           71%        2d11      1%          3
 Airstrike                Air            30%        2d(5-21)  1%          4
 Animate Armour           Summ/Erth      100%       N/A       1%          4
 Dispel Undead            Necr           71%        3d24      1%          4
 Manifold Assault         Tloc           72%        N/A       1%          4
 Agony                    Necr           71%        N/A       1%          5
 Stone Arrow              Conj/Erth      38%        3d9       2%          3
 Silence                  Hex/Air        28%        N/A       2%          5
 Death Channel            Necr           35%        N/A       2%          6
 Dispersal                Tloc           36%        N/A       2%          6
 Lightning Bolt           Conj/Air       21%        1d36      6%          5
 Yara's Violent Unravell  Hex/Tmut       18%        3d9       9%          5
 Lee's Rapid Deconstruct  Erth           9%         3d7*      26%         5
 Eringya's Noxious Bog    Tmut/Pois      9%         N/A       77%         6
 Statue Form              Tmut/Erth      12%        N/A       77%         6
 Summon Hydra             Summ           41%        N/A       3%          7
 Malign Gateway           Summ/Tloc      39%        N/A       7%          7
 Summon Horrible Things   Summ           41%        N/A       26%         8
 Enfeeble                 Hex            26%        N/A       65%         7
 Disjunction              Tloc           36%        N/A       65%         8


Dungeon Overview and Level Annotations

Branches:
Dungeon (15/15)            Temple (1/1) D:6            Lair (5/5) D:8
  Swamp (4/4) Lair:3       Spider (0/4) Lair:2        Slime (0/5) Lair:4
    Orc (2/2) D:12            Elf (0/3) Orc:2        Vaults (0/5) D:14
 Depths (0/4) D:15

Altars:
Ashenzari
Cheibriados
Dithmenos
Elyvilon
Fedhas
Gozag
Hepliaklqana
Kikubaaqudgha
Makhleb
Nemelex Xobeh
Okawaru
Qazlal
Ru
Sif Muna
Trog
Uskayaw
Vehumet
Wu Jian
Xom
Yredelemnul
Zin
The Shining One
Jiyva

Shops:
D:2 (   D:5 [   D:6 *   D:9 =   D:10 (   D:11 *   D:12 [[*   D:14 *:(?   D:15 *
Orc:1 !   Orc:2 [*![:   Swamp:3 [


Innate Abilities, Weirdness & Mutations

You are covered in fur. (AC +1)


Message History

The vampire knight hits your lightning spire with a +0 battleaxe!
The vampire knight barely misses your warg.
The vampire knight bites you but does no damage.
You closely miss the vampire knight.
The vampire knight mumbles some strange words.
The vampire knight flickers and vanishes!
Deactivating autopickup; reactivate with Ctrl-A.
Your warg bites something!
You miss something. Something hits you! Something hits your lightning spire!!
Your lightning spire is destroyed!
Your lightning spire disappears in a puff of smoke!
Something hits your warg! Something bites you!
Something draws strength from your injuries!
Your warg misses something. You hit something.
Your warg bites something.
Something hits you!! Something hits your warg! Something bites you.
You barely miss something.
Your warg bites something.
Something closely misses you. Something hits your warg!
Your warg dies!
Your warg's corpse disappears in a puff of smoke!
Something bites you!
Something draws strength from your injuries!
Casting: Call Canine Familiar (safe; 1% risk of failure)
Confirm with . or Enter, or press ? or * to list all spells.
Something barely misses you.
Something hits your warg but does no damage.
Something bites you.
Casting: Call Canine Familiar (safe; 1% risk of failure)
Confirm with . or Enter, or press ? or * to list all spells.
Okay, then.
Unknown command.
Unknown command.
Unknown command.
Casting: Call Canine Familiar (safe; 1% risk of failure)
Confirm with . or Enter, or press ? or * to list all spells.
You blink.
Something hits you!!!
* * * LOW HITPOINT WARNING * * *
Something closely misses your warg. Something bites you.
You die...
Your body crumbles into a pile of gold.

$ ♣♣♣♣♣♣♣
♣♣~~♣~§♣ $
♣....${♣♣♣
♣....$♣♣♣h@~♣
♣.~$~~
♣♣♣..~~!..
♣§~~~~
♣♣.~.♣.
♣~..~§~ ♣♣..
.~~.~§~ .
.~~~~~~
♣§~~~~~
~~~~~~~..
.~~~~~~~.
...~~~~~~


You could see a friendly warg (summoned).

Vanquished Creatures
  A dire elephant (D:15)
  Fannar (Orc:1)
  An alligator (Swamp:3)
  A boulder beetle (D:11)
  A two-headed ogre (D:11)
  A deep elf pyromancer (D:14)
  Pikel (D:7)
  An ugly thing (D:14)
  A cyclops (Orc:2)
  A wolf spider zombie (D:14)
  An orc sorcerer (Orc:2)
  A manticore (D:11)
  A salamander (D:15)
  A black mamba (Lair:5)
  A cane toad (Lair:2)
  An unseen horror (D:11)
  A komodo dragon (Lair:4)
  2 trolls
  A hornet (Lair:5)
  A slime creature (D:13)
  3 blink frogs
  2 culicivoras (Lair:2)
  A yak (Lair:2)
  2 wraiths
  2 spriggans
  A human (shapeshifter) (D:14)
  2 swamp worms
  A water moccasin (Lair:2)
  2 orc warriors
  An ogre (Orc:2)
  4 wolves
  2 centaurs
  A bullfrog (Lair:3)
  2 komodo dragon zombies (Lair:4)
  A killer bee (D:9)
  An electric eel (Lair:3)
  A howler monkey (D:11)
  A vampire bat (D:3)
  5 orc priests
  5 orc wizards
  A hell rat (Lair:4)
  Robin (D:3)
  A gnoll (D:13)
  4 adders
  An ufetubus (D:5)
  2 orcs
  A bat zombie (D:3)
  An endoplasm (D:3)
  A giant cockroach (D:2)
  A goblin (D:2)
  A hobgoblin (D:4)
  A jackal (D:5)
  A quokka (D:5)
  A ball python (D:4)
  2 bats
  A kobold (D:3)
  A rat (D:3)
83 creatures vanquished.

Vanquished Creatures (collateral kills)
  Saint Roka (Orc:2)
  Rupert (Lair:5)
  Donald (Orc:2)
  A thorn hunter (Swamp:2)
  Roxanne (Swamp:1)
  2 eleionomae (Swamp:1)
  A bunyip (Swamp:2)
  Josephine (Lair:5)
  Erolcha (Orc:2)
  3 vault guards (D:14)
  2 hydras
  A spriggan air mage (Swamp:4)
  3 boulder beetles
  2 alligators
  2 centaur warriors
  A tengu warrior (D:14)
  5 two-headed ogres
  2 death yaks (Lair:4)
  4 orc high priests
  Nergalle (Orc:1)
  Amaemon (Lair:1)
  4 goliath frogs
  2 skeletal warriors (D:15)
  A swamp dragon (Swamp:4)
  4 spriggan druids
  4 bog bodies
  A necromancer (Lair:4)
  The ghost of liarliar the Digger, a novice TrEE of Cheibriados (D:6)
  5 orc sorcerers (Orc:2)
  2 deep elf pyromancers (D:13)
  4 orc knights
  5 ugly things (D:15)
  2 manticores
  3 cyclopes
  Maurice (D:11)
  6 elephants
  A black mamba (shapeshifter) (D:12)
  2 black mambas
  5 cane toads
  2 gargoyles
  An orange demon (Lair:1)
  2 rime drakes
  2 efreet (D:14)
  3 komodo dragons
  A centaur skeleton (D:14)
  2 tengu conjurers (D:15)
  5 polar bears
  A merfolk (D:15)
  3 trolls (Orc:2)
  4 tyrant leeches
  14 hornets
  6 blink frogs
  6 dream sheep (Lair:5)
  A spectral meliai (D:14)
  6 slime creatures
  A shadow (D:7)
  3 culicivoras (Lair:2)
  A culicivora (shapeshifter) (D:14)
  24 spriggans
  6 wyverns
  37 yaks
  A hog (shapeshifter) (D:14)
  5 wraiths
  7 basilisks
  4 vampire mosquitoes
  2 steam dragons
  15 swamp worms
  An acid dragon (D:13)
  13 water moccasins
  2 nameless horrors
  24 orc warriors
  A sky beast (D:7)
  2 ice beasts
  7 black bears
  17 wolves
  4 ogres
  4 boggarts (Lair:5)
  An elephant zombie (Lair:4)
  4 lemures (D:7)
  A phantom (D:7)
  8 bullfrogs
  A gnoll sergeant (D:13)
  3 necrophages
  A scorpion (D:5)
  3 wights (D:9)
  Dowan (D:6)
  14 killer bees
  A vampire bat (D:3)
  3 electric eels
  2 howler monkeys
  A jelly (D:7)
  5 quasits (D:6)
  19 orc priests
  2 hounds (D:5)
  A basilisk zombie (Lair:4)
  A boggart zombie (D:14)
  5 hell rats
  2 iguanas
  Terence (D:2)
  16 orc wizards
  A boggart skeleton (D:14)
  7 gnolls
  17 adders
  A shadow imp (D:6)
  A white imp (D:4)
  2 ufetubi
  A worm (D:2)
  The ghost of blackman the Sneak, a weakling HuDe (D:7)
  2 dart slugs
  47 orcs
  3 bat skeletons (D:3)
  A bat zombie (D:3)
  10 endoplasms
  3 giant cockroaches
  9 goblins
  2 hobgoblins
  12 jackals
  3 kobolds
  6 ball pythons
  4 bats
  3 frilled lizards
  7 rats
  13 briar patches (Swamp:2)
  2 butterflies (D:5)
584 creatures vanquished.

Vanquished Creatures (others)
  A hydra (Swamp:1)
  A vault guard (D:13)
  2 centaur warriors (D:15)
  2 death yaks (Lair:5)
  2 boulder beetles (D:14)
  Sonja (D:10)
  2 skeletal warriors (D:15)
  2 orc knights
  3 ugly things
  3 slime creatures (D:13)
  A rime drake (Lair:4)
  A komodo dragon (Lair:4)
  2 polar bears (Lair:5)
  A troll (D:14)
  A bloated husk (Swamp:4)
  2 hornets (Swamp:3)
  3 spriggans
  A wraith (Lair:5)
  13 yaks
  A steam dragon (D:7)
  A water moccasin (Lair:5)
  Duvessa (D:6)
  8 orc warriors
  A black bear (Lair:5)
  4 wolves (Lair:5)
  3 centaurs
  A bullfrog (Lair:4)
  A gnoll sergeant (D:7)
  3 killer bees (D:9)
  2 hell rats
  A white imp (D:7)
  4 briar patches (Swamp:4)
  38 fungi
  86 plants
  3 snaplasher vines
202 creatures vanquished.

Grand Total: 869 creatures vanquished

Notes
Turn   | Place    | Note
-------+----------+-------------------------------------------
     0 | D:1      | ryw the Deep Elf Summoner began the quest for the Orb.
     0 | D:1      | Reached XP level 1. HP: 10/10 MP: 6/6
   388 | D:1      | Reached XP level 2. HP: 5/15 MP: 1/8
   437 | D:1      | Learned a level 2 spell: Call Imp
  1364 | D:2      | Reached skill level 5 in Summonings
  1364 | D:2      | Reached XP level 3. HP: 12/19 MP: 8/10
  1370 | D:2      | Learned a level 3 spell: Call Canine Familiar
  1374 | D:2      | Learned a level 3 spell: Summon Guardian Golem
  1476 | D:2      | Noticed Terence
  1493 | D:2      | Killed Terence
  1494 | D:2      | Reached skill level 1 in Hexes
  1552 | D:2      | Reached XP level 4. HP: 24/24 MP: 6/12
  1960 | D:2      | Reached skill level 3 in Dodging
  2054 | D:2      | Found Dyjo's Antique Weapon Emporium.
  2326 | D:3      | Found a faded altar of an unknown god.
  2827 | D:3      | Reached skill level 1 in Fighting
  2891 | D:3      | Found an ancient bone altar of Kikubaaqudgha.
  2897 | D:3      | Reached XP level 5. HP: 27/29 MP: 7/14
  3068 | D:3      | Reached skill level 5 in Spellcasting
  3137 | D:3      | Noticed Robin
  3150 | D:3      | Killed Robin
  3589 | D:4      | Learned a level 4 spell: Summon Lightning Spire
  3642 | D:4      | Noticed a black bear
  3657 | D:4      | Killed a black bear
  3658 | D:4      | Reached XP level 6. HP: 35/35 MP: 9/15
  3733 | D:4      | Found a white marble altar of Elyvilon.
  4592 | D:5      | Entered Level 5 of the Dungeon
  4710 | D:5      | Reached skill level 4 in Dodging
  4869 | D:5      | Reached XP level 7. HP: 40/40 MP: 7/17
  4948 | D:5      | Found Zutis's Armour Shop.
  5683 | D:5      | Found a shimmering altar of Xom.
  5860 | D:5      | Reached skill level 5 in Dodging
  5994 | D:6      | Noticed Dowan
  6088 | D:6      | Found a staircase to the Ecumenical Temple.
  6096 | D:6      | Identified the +1 cloak of Lust {Rampage}
  6105 | Temple   | Entered the Ecumenical Temple
  6384 | D:6      | Found Zin's Purification Station.
  6384 | D:6      | Found a glowing silver altar of Zin.
  6406 | D:6      | Reached skill level 1 in Air Magic
  6406 | D:6      | Reached XP level 8. HP: 45/45 MP: 15/19
  6519 | D:6      | Found an ornate altar of the Wu Jian Council.
  6536 | D:6      | Reached skill level 5 in Hexes
  6627 | D:6      | Killed Dowan
  6628 | D:6      | Noticed Duvessa
  6645 | D:6      | Killed Duvessa
  6824 | D:6      | Found a snail-covered altar of Cheibriados.
  6843 | D:6      | Noticed liarliar's ghost (novice TrEE)
  6844 | D:6      | Found a transporter.
  6989 | D:7      | Noticed a nameless horror
  7124 | D:7      | Found a transporter.
  7124 | D:7      | Noticed blackman's ghost (weakling HuDe)
  7150 | D:7      | Found a transporter.
  7160 | D:7      | Reached skill level 6 in Dodging
  7225 | D:7      | Identified the +9 rapier of Valiance {holy, Drain Will-
                  | Dex+8 SInv}
  7314 | D:7      | Noticed Pikel
  7422 | D:7      | Killed Pikel
  7423 | D:7      | Reached XP level 9. HP: 52/52 MP: 2/22
  7727 | D:7      | Noticed a two-headed ogre
  8169 | D:7      | Killed a two-headed ogre
  8170 | D:7      | Reached skill level 7 in Dodging
  8582 | D:6      | Found a transporter.
  9102 | D:6      | Killed liarliar's ghost
  9103 | D:6      | Reached skill level 5 in Fighting
  9103 | D:6      | Reached XP level 10. HP: 42/59 MP: 15/25
  9282 | D:7      | Killed blackman's ghost
  9460 | D:7      | Reached skill level 5 in Air Magic
  9597 | D:8      | Reached skill level 8 in Dodging
  9712 | D:8      | Noticed a two-headed ogre
  9741 | D:8      | Killed a two-headed ogre
 10029 | D:8      | Noticed an elephant
 10043 | D:8      | Killed an elephant
 10080 | D:8      | Reached skill level 10 in Spellcasting
 10269 | D:8      | Found a staircase to the Lair.
 10605 | D:8      | Found a hazy altar of Hepliaklqana.
 10722 | Lair:1   | Entered Level 1 of the Lair of Beasts
 10814 | Lair:1   | Reached skill level 9 in Dodging
 11073 | Lair:1   | Noticed Amaemon
 11074 | Lair:1   | Noticed an orange demon
 11423 | Lair:1   | Reached XP level 11. HP: 36/64 MP: 21/27
 11581 | Lair:1   | Reached skill level 10 in Summonings
 11616 | Lair:1   | Killed Amaemon
 11650 | Lair:1   | Reached skill level 10 in Dodging
 12302 | Lair:2   | Noticed a boulder beetle
 12336 | Lair:2   | Killed a boulder beetle
 12538 | Lair:2   | Noticed a boulder beetle
 12555 | Lair:2   | Killed a boulder beetle
 12556 | Lair:2   | Reached skill level 11 in Dodging
 12898 | Lair:2   | Found the +8 whip "Snakebite" {venom, curare, rPois}
 13091 | Lair:2   | Reached skill level 1 in Maces & Flails
 13099 | Lair:2   | Reached skill level 12 in Dodging
 13111 | Lair:2   | Reached XP level 12. HP: 49/75 MP: 14/28
 13681 | Lair:2   | Found a hole to the Spider Nest.
 14481 | Lair:3   | Learned a level 3 spell: Tukima's Dance
 14486 | Lair:3   | Learned a level 4 spell: Passage of Golubria
 14608 | Lair:3   | Reached skill level 1 in Translocations
 14825 | Lair:3   | Identified the +7 great mace "Caskec" {vorpal, rF+}
 15132 | Lair:3   | Found a staircase to the Swamp.
 15980 | Lair:4   | Reached skill level 13 in Dodging
 16763 | Lair:4   | Found a viscous altar of Jiyva.
 16763 | Lair:4   | Found a staircase to the Slime Pits.
 17353 | Lair:5   | Entered Level 5 of the Lair of Beasts
 17353 | Lair:5   | Noticed a death yak
 17353 | Lair:5   | Noticed a death yak
 17353 | Lair:5   | Noticed a death yak
 17353 | Lair:5   | Noticed a death yak
 17376 | Lair:4   | Killed a death yak
 17384 | Lair:4   | Killed a death yak
 17843 | Lair:5   | Reached skill level 5 in Translocations
 18008 | Lair:5   | Killed a death yak
 18009 | Lair:5   | Reached skill level 14 in Dodging
 18018 | Lair:5   | Killed a death yak
 18019 | Lair:5   | Reached skill level 10 in Fighting
 18048 | Lair:5   | Reached XP level 13. HP: 74/82 MP: 10/29
 19171 | Lair:5   | Noticed Josephine
 19195 | Lair:5   | Killed Josephine
 19333 | Lair:5   | Noticed Rupert
 19355 | Lair:5   | Killed Rupert
 19628 | Lair:5   | Reached skill level 15 in Dodging
 21320 | D:9      | Found an opulent altar of Gozag.
 21331 | D:9      | Became a worshipper of Gozag Ym Sagoz the Greedy
 22305 | D:10     | Entered Level 10 of the Dungeon
 22505 | D:10     | Noticed Sonja
 22715 | D:10     | Killed Sonja
 22882 | D:10     | Found a blossoming altar of Fedhas.
 23205 | D:10     | Found Qamid's Antique Weapon Emporium.
 23458 | D:10     | Got the Lessons on the Morbid Boulder
 23467 | D:10     | Learned a level 7 spell: Haunt
 23475 | D:10     | Identified the +6 flail of Xagox {antimagic, rC+ Will+}
 23508 | D:10     | Reached XP level 14. HP: 87/90 MP: 26/30
 24149 | D:11     | Reached skill level 1 in Necromancy
 24459 | D:11     | Noticed Maurice
 24472 | D:11     | Killed Maurice
 24473 | D:11     | Reached skill level 16 in Dodging
 25937 | D:12     | Found a staircase to the Orcish Mines.
 26129 | D:12     | Found Lerph's Armour Emporium.
 26241 | D:12     | Found Qeliuci's Assorted Antiques.
 26364 | D:12     | Found Vafok's Antique Armour Shoppe.
 26587 | D:13     | Found a blossoming altar of Fedhas.
 26601 | D:13     | Identified a scroll of acquirement
 26619 | D:13     | Got Eveu's Thaumaturgy, Part Two
 26623 | D:13     | Learned a level 2 spell: Blink
 28081 | D:9      | Bought the ring "Jaiququm" {Wiz rF+ rC+ Int+2 Dex-2} for
                  | 969 gold pieces
 28523 | D:14     | Found Ymes's Weapon Shop.
 28535 | D:14     | Found Vadajocoa's Book Shoppe.
 28705 | D:13     | Reached skill level 10 in Translocations
 29202 | D:14     | Found Uxyjubad's Magic Scroll Boutique.
 29265 | D:14     | Acquired 787 gold pieces
 29394 | D:14     | Found a gate to the Vaults.
 29482 | D:14     | Reached skill level 5 in Necromancy
 29680 | D:14     | Found Ocvuzer's Assorted Antiques.
 30262 | D:15     | Entered Level 15 of the Dungeon
 30409 | D:15     | Found a shadowy altar of Dithmenos.
 30505 | D:12     | Bought a pair of boots for 153 gold pieces
 31204 | D:15     | Found an ornate altar of the Wu Jian Council.
 31407 | D:15     | Reached skill level 17 in Dodging
 31407 | D:15     | Reached XP level 15. HP: 80/96 MP: 12/31
 31941 | D:15     | Found an opulent altar of Gozag.
 32024 | D:15     | Found a staircase to the Depths.
 32377 | D:14     | Bought a scroll of acquirement for 572 gold pieces
 32377 | D:14     | Acquired 988 gold pieces
 32624 | Orc:1    | Entered Level 1 of the Orcish Mines
 32724 | Orc:1    | Found Vaedghoro's Distillery.
 32879 | Orc:2    | Entered Level 2 of the Orcish Mines
 32879 | Orc:2    | Noticed Erolcha
 32945 | Orc:2    | Killed Erolcha
 32995 | Orc:2    | Noticed Donald
 33010 | Orc:2    | Killed Donald
 33148 | Orc:2    | Found Obbitif's Armour Shoppe.
 33284 | Orc:2    | Noticed Saint Roka
 33851 | Orc:2    | Killed Saint Roka
 34011 | Orc:2    | Found a staircase to the Elven Halls.
 34153 | Orc:2    | Gained mutation: You are covered in fur. (AC +1) [a
                  | neqoxec]
 35324 | Orc:2    | Found Tihaso's Book Emporium.
 35328 | Orc:2    | Found Efoinuuzing's Distillery.
 35332 | Orc:2    | Bought a Fen Folio for 588 gold pieces
 35332 | Orc:2    | Bought a Grand Grimoire for 476 gold pieces
 35338 | Orc:2    | Learned a level 5 spell: Summon Forest
 35341 | Orc:2    | Found Zacrip's General Store.
 35349 | Orc:2    | Found Joet's Antique Armour Emporium.
 35355 | Orc:2    | Bought a potion of heal wounds for 65 gold pieces
 35358 | Orc:2    | Bought a pair of embroidered boots for 240 gold pieces
 35616 | Orc:1    | Noticed Fannar
 35863 | Orc:1    | Killed Fannar
 36068 | Orc:1    | Noticed Nergalle
 36082 | Orc:1    | Killed Nergalle
 37491 | Swamp:1  | Entered Level 1 of the Swamp
 37648 | Swamp:1  | Identified Roxanne's Verses on the Boulder
 37648 | Swamp:1  | Noticed Roxanne
 37696 | Swamp:1  | Killed Roxanne
 37998 | Swamp:1  | Identified the +1 robe "Joyfrido" {rElec rCorr Int+3}
 39178 | Swamp:2  | Noticed a thorn hunter
 39192 | Swamp:2  | Killed a thorn hunter
 39673 | Swamp:3  | Reached skill level 18 in Dodging
 40281 | Swamp:3  | Reached XP level 16. HP: 58/104 MP: 19/33
 40741 | Swamp:4  | Entered Level 4 of the Swamp
 40741 | Swamp:4  | Noticed a thorn hunter
 41299 | Swamp:4  | HP: 2/104 [something (36)]
 41299 | Swamp:4  | Slain by a vampire knight

Illustrated notes

Levels and vault maps discovered:
D:1:      dpeg_arrival_round_b, layout_loops_ring, roderic_lattice_a,
          minmay_misc_feat_diagonals, grunt_decor_cap, minmay_pentomino_z2
D:2:      layout_basic, serial_shops, nicolae_shop_stone, uniq_terence
D:3:      layout_loops_ring, kennysheep_vampire_church,
          chequers_ecumenical_altar_island, uniq_robin
D:4:      layout_loops_ring, nicolae_elyvilon_peaceful_grove
D:5:      layout_basic, xom_butterflies, serial_shops, shop, dk_vineyard_2
D:6:      layout_loops_ring, pdpol_wu_jian_five_deadly_venoms, zin_purify,
          mainiacjoe_overflow_24_doors, minmay_temple_entry_sparse_star,
          gammafunk_ghost_stat_death, uniq_duvessa
D:7:      layout_basic, gammafunk_ghost_arena, kennysheep_big_empty_room,
          uniq_pikel
D:8:      layout_basic, nzn_hepliaklqana_mist_gate, david_lair_generic
D:9:      layout_cave_pools, grunt_gozag_breadcrumbs, serial_column_ruins,
          column_ruins_hut, column_ruins_circle_small,
          column_ruins_corridor_plus, column_ruins_columns_corner,
          column_ruins_columns_corner, column_ruins_grid_3
D:10:     layout_basic, general_overflow_altar, serial_shops, shop, uniq_sonja
D:11:     layout_layer_cave, nicolae_straight_to_the_point, uniq_maurice
D:12:     layout_loops_ring, david_orc_4, serial_shops, nicolae_diamond_shop,
          nicolae_shop_advertising_works [nicolae_subvault_shop_adworks],
          nicolae_diamond_shop, portal_ice_cave_entry_pillars_2,
          chequers_serial_rivers_small_3
D:13:     layout_loops_ring, minivault_26, fountainhead, fedhas_ov_isle_minmay
D:14:     layout_roguey, lightli_vaults_fourway_checkpoint, serial_shops,
          kennysheep_mini, shop, shop_statue, shop, nicolae_benzene_ring,
          hangedman_weighted_door
D:15:     hangedman_depths_entry_try_elsewhere_first, layout_long_grid,
          nicolae_dithmenos_shadow_blocks, hangedman_feature_mirror
Temple:   hellmonk_temple_forest_ring
Lair:1:   layout_roguey, cheibrodos_lair_lostbears, uniq_amaemon
Lair:2:   minmay_guarded_unrand_snakebite, layout_gridlike,
          hellmonk_spider_entry_life_and_decay, worms_lemuel, grunt_megastairs_5
Lair:3:   minmay_lair_venomous_thicket, layout_small_grid,
          nicolae_swamp_entry_splash_gauntlet, enter_volcano_1,
          chequers_serial_rivers_marsh
Lair:4:   pond_and_an_island_with_a_cottage, layout_concentric_octagons,
          slime_entry_1
Lair:5:   minmay_lair_end_enchanted_forest, layout_cave_pods,
          grunt_megastairs_3, infiniplex_staircase_pool_2, uniq_rupert,
          uniq_josephine
Swamp:1:  layout_basic_swamp, hangedman_swamp_lotus, uniq_roxanne
Swamp:2:  layout_falls_marsh, evilmike_swamp_ruin_house_3
Swamp:3:  layout_basic_swamp, evilmike_swamp_ruin_house_1, swamp_pool2,
          nicolae_swamp_orc_logging_accident
Swamp:4:  byrel_swamp_growth_death_and_undeath, layout_basic_swamp,
          gammafunk_ghost_berserking_beasts
Orc:1:    layout_caves, serial_shops, shop, kennysheep_orc_chapel,
          uniq_nergalle, uniq_fannar
Orc:2:    st_orc_elflike, layout_caves, serial_shops, shop_statue, uniq_erolcha,
          uniq_donald, uniq_saint_roka

Skill      XL: |  1  2  3  4  5  6  7  8  9 10 11 12 13 14 15 |
---------------+----------------------------------------------+-----
Spellcasting   | 4 5 6 7 9 10 11 | 11.4
Summonings     | 5 6 7 8 9 10 11 13 | 13.1
Hexes          | 1 2 3 4 5 |  5.0
Dodging        | 3 4 5 6 7 9 12 14 15 17 18 | 18.2
Fighting       | 1 2 4 5 6 8 10 11 12 13 | 13.1
Air Magic      | 1 3 4 6 7 |  7.0
Maces & Flails | 1 2 |  2.0
Translocations | 5 9 10 | 10.0
Necromancy     | 6 9 |  9.6
Stealth        | |  2.4

Action                   |  1- 3 |  4- 6 |  7- 9 | 10-12 | 13-15 | 16-18 || total
-------------------------+-------+-------+-------+-------+-------+-------++-------
Melee: Dagger            |     9 |     6 |       |       |       |       ||    15
       Spear             |       |    99 |    89 |    62 |       |       ||   250
       Punch             |       |     1 |     1 |     3 |     1 |       ||     6
       Whip              |       |       |       |    90 |   297 |    11 ||   398
 Cast: Summon Small Mamm |    41 |     4 |    10 |       |       |       ||    55
       Call Imp          |     9 |    25 |    33 |    60 |   115 |       ||   242
       Call Canine Famil |     4 |    25 |    36 |    68 |   166 |     9 ||   308
       Summon Guardian G |       |     3 |     7 |    23 |   126 |     2 ||   161
       Summon Lightning  |       |       |     5 |    79 |   207 |     8 ||   299
       Tukima's Dance    |       |       |       |       |    16 |       ||    16
       Blink             |       |       |       |       |     1 |     1 ||     2
       Summon Forest     |       |       |       |       |    31 |     3 ||    34
       Haunt             |       |       |       |       |     2 |     5 ||     7
Invok: Call Merchant     |       |       |       |       |     3 |     1 ||     4
  Use: Scroll            |       |    10 |     6 |    12 |     8 |     1 ||    37
       Potion            |       |       |       |     2 |     1 |     2 ||     5
 Stab: Distracted        |     1 |       |     2 |     9 |     6 |       ||    18
       Sleeping          |       |     2 |       |       |     2 |       ||     4
Armor: Robe              |    10 |    57 |   104 |    30 |   112 |     2 ||   315
Dodge: Dodged            |    26 |   153 |   193 |   184 |   479 |    19 ||  1054

Table legend: (Time is in decaauts)
 A = Elapsed time spent in this place.
 B = Non-inter-level travel time spent in this place.
 C = Inter-level travel time spent in this place.
 D = Time resting spent in this place.
 E = Time spent auto-exploring this place.
 F = Levels seen in this place.
 G = Mean time per level.
                   A        B        C        D        E       F      G
               +--------+--------+--------+--------+--------+-----+--------+
         Total |  41615 |  37941 |   3674 |   5377 |  24953 |  27 | 1541.3 |
       Dungeon |  22922 |  20413 |   2509 |   2343 |  13718 |  15 | 1528.1 |
        Temple |    164 |    149 |     15 |      0 |    130 |   1 |  164.0 |
          Lair |  10673 |   9942 |    731 |   1740 |   6286 |   5 | 2134.6 |
         Swamp |   3985 |   3838 |    147 |    490 |   2826 |   4 |  996.2 |
  Orcish Mines |   3868 |   3598 |    270 |    804 |   1992 |   2 | 1934.0 |
               +--------+--------+--------+--------+--------+-----+--------+

Top non-repeatable levels by time:
  Lair:5: 2862 daAuts
   Orc:2: 2457 daAuts
  Lair:4: 2355 daAuts
  Lair:2: 2072 daAuts
     D:6: 2060 daAuts
    D:15: 2044 daAuts
    D:14: 1919 daAuts
    D:11: 1894 daAuts
  Lair:3: 1863 daAuts
    D:10: 1634 daAuts
     D:8: 1594 daAuts
    D:13: 1567 daAuts
  Lair:1: 1519 daAuts
     D:5: 1493 daAuts
 Swamp:3: 1429 daAuts
